 Dungeon Crawl Stone Soup version 0.18-a0-455-gc7d4c65 (webtiles) character file.

43 M4edhros the Charlatan (level 3, 0/23 HPs)
             Began as an Octopode Artificer on Dec 1, 2015.
             Slain by Grinder (6 damage)
             ... on level 4 of the Dungeon.
             The game lasted 00:01:43 (1196 turns).

M4edhros the Charlatan (Octopode Artificer)         Turns: 1196, Time: 00:01:44

Health: 0/23       AC:  1    Str: 10    XL:     3   Next: 58%
Magic:  6/6        EV: 12    Int: 15    God:
Gold:   101        SH:  0    Dex: 12    Spells: 0 memorised, 2 levels left

rFire  . . .     SeeInvis .     a - +0 short sword
rCold  . . .     Clarity  .     (no shield)
rNeg   . . .     SustAt   .     (helmet restricted)
rPois  .         Gourm    .     (no amulet)
rElec  .         Spirit   .     (no ring)
rCorr  .         Dsmss    .     (no ring)
rMut   .         Stasis   .     (no ring)
MR     .....                    (no ring)
Stlth  +++.......               (no ring)
                                (no ring)
                                (no ring)
                                (no ring)

@: not resistant to hostile enchantments, fairly stealthy
A: almost no armour, amphibious, 8 rings, constrict 8, camouflage 1, gelatinous
body 1
a: no special abilities


You were on level 4 of the Dungeon.
You were not hungry.

You visited 1 branch of the dungeon, and saw 4 of its levels.

You collected 101 gold pieces.

Inventory:

Hand Weapons
 a - a +0 short sword (weapon)
Missiles
 g - 47 stones (quivered)
 j - 16 exploding sling bullets
Magical Staves
 p - an uncursed staff of air {unknown}
Wands
 b - a wand of flame (13)
 c - a wand of enslavement (15)
 d - a wand of random effects (14)
Scrolls
 h - a scroll of amnesia {unknown}
 i - 4 scrolls of identify {unknown}
 k - a scroll of noise {unknown}
Potions
 f - 2 potions of agility {unknown}
 n - a potion of cure mutation {unknown}
Books
 m - a book of Spatial Translocations

   Spells                             Type                      Level
   a - Apportation                    Translocation                1
   b - Blink                          Translocation                2
   c - Shroud of Golubria             Charms/Translocation         2
   d - Portal Projectile              Translocation                3
   e - Teleport Other                 Translocation                3
   f - Passage of Golubria            Translocation                4
Comestibles
 e - 2 bread rations
 l - a meat ration
 o - a beef jerky


   Skills:
 - Level 1.0 Fighting
 - Level 1.0 Short Blades
 - Level 2.0 Dodging
 + Level 3.5 Stealth
 + Level 4.1 Evocations


You had 2 spell levels left.
You didn't know any spells.

Dungeon Overview and Level Annotations

Branches:
Dungeon (4/15)
 Temple: D:4-7

Altars:
Qazlal

Annotations:
D:4 Dowan, Duvessa, Grinder, Pikel


Innate Abilities, Weirdness & Mutations

You cannot wear most types of armour.
You are amphibious.
You can wear up to eight rings at the same time.
You can use your tentacles to constrict eight enemies at once.
Your skin changes colour to match your surroundings (Stealth).
Your rubbery body absorbs attacks (AC +1).


Message History

p - a curved glowing staff Grinder gestures at you.
You barely resist.
Evoke which item? (* to show all) (? for menu, Esc to quit)
Zapping:
d - a wand of random effects (15)
Press: ? - help, Shift-Dir - straight line, f - Grinder
Aim: Grinder The magic dart hits Grinder.
Grinder is lightly wounded.
This wand has 14 charges left.
Grinder hits you.
You writhe in agony.
Evoke which item? (* to show all) (? for menu, Esc to quit)
Zapping:
b - a wand of flame (14)
Press: ? - help, Shift-Dir - straight line, f/p - Grinder
Aim: Grinder (lightly wounded)
The puff of flame hits Grinder.
Grinder is moderately wounded.
This wand has 13 charges left.
Grinder hits you!
* * * LOW HITPOINT WARNING * * *
You writhe in agony.
You die...

##. .# .... ... .#.....
#.. .#.... ..##.#..# ###
.......# .. .e. ......#
. ...e #5..# .##.##.
#@..# .##.##. # #...#
...#....
.#.####...######.#.#....
>................#......
............#..#####....
#................#......
#######..<######.#.#....
#...# #...#.... #...#
#####....


You could see Grinder.

Vanquished Creatures
  An adder (D:2)
  A giant gecko (D:1)
  2 orcs
  A ball python (D:1)
  3 giant cockroaches
  8 goblins
  3 hobgoblins
  A kobold (D:3)
  3 bats (D:1)
  A giant newt (D:2)
  8 rats
32 creatures vanquished.

Vanquished Creatures (others)
  A bat (D:2)
1 creature vanquished.

Grand Total: 33 creatures vanquished

Notes
Turn   | Place    | Note
--------------------------------------------------------------
     0 | D:1      | M4edhros the Octopode Artificer began the quest for the Orb.
     0 | D:1      | Reached XP level 1. HP: 13/13 MP: 3/3
   257 | D:1      | Reached XP level 2. HP: 18/18 MP: 4/4
   756 | D:2      | Reached XP level 3. HP: 23/23 MP: 5/5
   798 | D:2      | Found a stormy altar of Qazlal.
   807 | D:2      | Reached skill level 4 in Evocations
  1076 | D:4      | Noticed Duvessa
  1076 | D:4      | Noticed Dowan
  1125 | D:4      | Noticed Pikel
  1125 | D:4      | Noticed a slave
  1125 | D:4      | Noticed a slave
  1125 | D:4      | Noticed a slave
  1190 | D:4      | Noticed Grinder
  1196 | D:4      | Slain by Grinder

Vault maps used:
D:1:      sevenhm_arrival_forest_fort_large_4, grunt_decor_one_mirror
D:2:      nicolae_qazlal_eye_of_the_storm
D:3:      lemuel_crystal_altar, nicolae_tso_carved_into_rock,
          kennysheep_generic_room_7, uniq_natasha, uniq_terence
D:4:      nicolae_ashenzari_panopticon, uniq_grinder, uniq_duvessa, uniq_pikel

Action                   || total
-------------------------++-------
Melee: Short sword       ||    66
Evoke: Wand              ||     3
 Stab: Sleeping          ||     7
  Eat: Chunk             ||     1
